 Dungeon Crawl Stone Soup version 0.31-a0-986-g5e6e4ef867 (webtiles) character file.

Game seed: 1267763660287241272

3803 Naiya55 the Cleaver (level 10, -4/80 (82) HPs)
             Began as a Formicid Fighter on Nov 4, 2023.
             Was an Elder of Okawaru.
             Slain by a two-headed ogre
             ... wielding a +0 giant club
              (14 damage)
             ... on level 8 of the Dungeon.
             The game lasted 00:15:02 (6435 turns).

Naiya55 the Cleaver (Formicid Fighter)              Turns: 6435, Time: 00:15:02

HP:   -4/80 (82)    AC: 17    Str: 31    XL:     10   Next: 39%
MP:   13/15         EV:  9    Int:  8    God:    Okawaru [****..]
Gold: 385           SH: 11    Dex: 13    Spells: 9/9 levels left

rFire   . . .        f - +2 war axe (vamp)
rCold   . . .        t - +0 kite shield
rNeg    . . .        D - +0 plate armour
rPois   .            (helmet unavailable)
rElec   .            u - +2 cloak
rCorr   .            (no gloves)
SInv    +            (no boots)
Will    ++...        (no amulet) Stlth
                     k - +6 ring of strength
HPRegen 0.33/turn    w - ring of willpower
MPRegen 0.14/turn

%: no passive effects
@: heroic, lightly drained
A: permanent stasis, dig shafts and tunnels, antennae 3, four strong arms
a: Dig, Shaft Self, Renounce Religion, Heroism, Finesse


You were on level 8 of the Dungeon.
You worshipped Okawaru.
Okawaru was greatly pleased with you.
You visited 2 branches of the dungeon, and saw 9 of its levels.

You collected 385 gold pieces.

Inventory:

Hand Weapons
 a - a +3 dire flail
 f - a +2 vampiric war axe (weapon)
 z - a +0 morningstar
Armour
 t - a +0 kite shield (worn)
 u - a +2 cloak (worn)
 D - a +0 plate armour (worn)
Jewellery
 g - a ring of willpower
 k - a +6 ring of strength (left hand)
 p - a ring of ice
 w - a ring of willpower (right hand)
Wands
 i - a wand of iceblast (4)
 v - a wand of flame (13)
Scrolls
 c - a scroll of identify
 h - a scroll of enchant armour
 m - a scroll of fog
 n - a scroll of noise
 q - 2 scrolls of poison
 B - a scroll of amnesia
Potions
 b - 2 potions of lignification
 d - a potion of might
 e - 2 potions of resistance
 j - a potion of haste {unknown}
 l - 4 potions of brilliance
 o - a potion of mutation
 C - a potion of degeneration {unknown}


   Skills:
 - Level 8.9(13.9) Fighting
 - Level 10.7(15.7) Axes
 - Level 3.2(8.2) Armour
 - Level 4.0(9.0) Shields
 + Level 7.4 Invocations


You had 9 spell levels left.
You didn't know any spells.
Your spell library contained the following spells:

 Spells                   Type           Power      Damage    Failure   Level
 Cigotuvi's Dreadful Rot  Necr/Pois/Air  0%         N/A       100%        2
 Wereblood                Tmut           0%         N/A       100%        2
 Ignite Poison            Fire/Tmut/Pois 0%         N/A       100%        3
 Sticky Flame             Conj/Fire      0%         2d3       100%        4
 Freezing Cloud           Conj/Ice/Air   0%         6-21      100%        5
 Irradiate                Conj/Tmut      0%         3d11      100%        5
 Ignition                 Fire           0%         3d3       100%        8


Dungeon Overview and Level Annotations

Branches:
Dungeon (8/15)             Temple (1/1) D:4
   Lair: D:8-11

Altars:
Ashenzari
Cheibriados
Elyvilon
Fedhas
Gozag
Hepliaklqana
Kikubaaqudgha
Makhleb
Nemelex Xobeh
Okawaru
Qazlal
Ru
Sif Muna
Trog
Uskayaw
Vehumet
Wu Jian
Xom
Yredelemnul
Zin
The Shining One

Annotations:
D:6 exclusion: oklob plant
D:7 3 runed translucent doors, Naiya55's ghost, novice FoFi


Innate Abilities, Weirdness & Mutations

You cannot be hasted, slowed, berserked, paralysed or teleported.
You can dig through walls and to a lower floor.
You have a pair of large antennae on your head. (SInv)
Your four strong arms can wield two-handed weapons with a shield.


Message History

The wight hits you with a +0 hand axe.
You feel drained.
You hit the wight.
The wight is almost destroyed.
The wight hits you but does no damage.
You hit the wight.
You destroy the wight!
Okawaru accepts your kill.
Items here: )))) [[[[.
Okay, then.
A two-headed ogre comes into view. It is wielding two +0 giant clubs.
The two-headed ogre shouts in stereo!
Aiming: Iceblast
Press: ? - help, Shift-Dir - straight line, f - two-headed ogre
Aim: a two-headed ogre, wielding two +0 giant clubs The mass of ice explodes!
The iceblast engulfs the two-headed ogre!
The two-headed ogre is moderately wounded.
You hit the two-headed ogre.
The two-headed ogre is moderately wounded.
The two-headed ogre hits you with a +0 giant club!
* * * LOW HITPOINT WARNING * * *
The two-headed ogre hits you with a +0 giant club.
* * * LOW HITPOINT WARNING * * *
You hit the two-headed ogre.
The two-headed ogre is moderately wounded.
You slash the two-headed ogre!
The two-headed ogre is heavily wounded.
The two-headed ogre hits you with a +0 giant club.
* * * LOW HITPOINT WARNING * * *
You block the two-headed ogre's attack.
You hit the two-headed ogre but do no damage.
The two-headed ogre is heavily wounded.
The two-headed ogre closely misses you.
The two-headed ogre hits you with a +0 giant club!
* * * LOW HITPOINT WARNING * * *
You gain the combat prowess of a mighty hero.
You hit the two-headed ogre.
You feel better.
The two-headed ogre is severely wounded.
The two-headed ogre hits you with a +0 giant club!
You die...

#.#########
#.#.......#
##.#.#####.#
#..#.# #[#
#.##.# #)#
#.##.# #.#
#....# #)#
###### #.#
#@# #O# #.#
#.#
#.#######
#.......#
#######.#


You could see a two-headed ogre.

Vanquished Creatures
  Prince Ribbit (D:7)
  2 water moccasins
  Duvessa (D:6)
  An orc warrior (D:5)
  5 black bears
  2 ice beasts
  2 ogres
  The ghost of PowderKeg the Stinger, an amateur NaVM (D:5)
  6 bullfrogs
  7 scorpions
  13 wights
  Dowan (D:6)
  2 howler monkeys (D:6)
  Crazy Yiuf (D:3)
  A jelly (D:6)
  3 hounds
  4 orc priests
  2 sleepcaps (D:6)
  Ijyb (D:3)
  2 iguanas
  2 orc wizards
  7 gnolls (D:2)
  4 adders
  A white imp (D:6)
  2 ufetubi (D:7)
  A worm (D:2)
  4 dart slugs
  28 orcs
  13 bats
  8 endoplasms
  5 giant cockroaches
  9 goblins
  6 hobgoblins
  2 jackals (D:1)
  6 kobolds
  4 quokkas
  6 ball pythons
  3 frilled lizards
  5 rats
174 creatures vanquished.

Notes
Turn   | Place    | Note
-------+----------+-------------------------------------------
     0 | D:1      | Naiya55 the Formicid Fighter began the quest for the Orb.
     0 | D:1      | Reached XP level 1. HP: 18/18 MP: 1/1
   170 | D:1      | Reached XP level 2. HP: 24/24 MP: 2/2
   259 | D:1      | Reached XP level 3. HP: 26/30 MP: 3/3
   356 | D:1      | Reached skill level 3 in Axes
   796 | D:2      | Identified the +4 leather armour of the Apprentice {rPois
                  | Str+3}
   912 | D:2      | Reached XP level 4. HP: 33/37 MP: 4/4
   971 | D:2      | Found a sacrificial altar of Ru.
  1362 | D:3      | Reached skill level 4 in Axes
  1362 | D:3      | Reached XP level 5. HP: 18/43 MP: 5/5
  1525 | D:3      | Noticed Ijyb
  1665 | D:3      | Killed Ijyb
  1813 | D:2      | Reached XP level 6. HP: 41/49 MP: 6/6
  1879 | D:3      | Found a runed translucent door.
  1880 | D:3      | Noticed Crazy Yiuf
  1915 | D:3      | Reached skill level 5 in Axes
  1918 | D:3      | Reached skill level 5 in Fighting
  2023 | D:3      | Identified the +6 hand axe of the Pharaoh's Fist {venom,
                  | Dex+4}
  2403 | D:3      | Killed Crazy Yiuf
  2608 | D:4      | Noticed a black bear
  2617 | D:4      | Killed a black bear
  2618 | D:4      | Reached XP level 7. HP: 50/56 MP: 7/7
  2713 | D:4      | Found a staircase to the Ecumenical Temple.
  2726 | Temple   | Entered the Ecumenical Temple
  2742 | Temple   | Became a worshipper of Warmaster Okawaru
  2762 | D:4      | Reached skill level 6 in Axes
  3263 | D:5      | Entered Level 5 of the Dungeon
  3436 | D:5      | Noticed PowderKeg's ghost (amateur NaVM)
  3446 | D:5      | Found a transporter.
  3463 | D:5      | Found a transporter.
  3485 | D:5      | Found a bloodstained altar of Trog.
  3495 | D:5      | Reached * piety under Okawaru
  3496 | D:5      | Reached skill level 7 in Axes
  3496 | D:5      | Reached XP level 8. HP: 47/64 MP: 8/8
  3624 | D:5      | Reached ** piety under Okawaru
  3819 | D:5      | Reached skill level 8 in Axes
  4228 | D:5      | Killed PowderKeg's ghost
  4382 | D:6      | Reached XP level 9. HP: 72/72 MP: 9/9
  4423 | D:6      | Found a hide-covered altar of Uskayaw.
  4512 | D:5      | Reached skill level 9 in Axes
  4781 | D:6      | Noticed Duvessa
  4798 | D:6      | Reached *** piety under Okawaru
  4803 | D:6      | Noticed Dowan
  4823 | D:6      | Killed Duvessa
  4825 | D:6      | Killed Dowan
  4826 | D:6      | Reached skill level 10 in Axes
  5200 | D:6      | Found a glowing golden altar of the Shining One.
  5231 | D:6      | Reached **** piety under Okawaru
  5333 | D:6      | Found a blossoming altar of Fedhas.
  5357 | D:6      | Noticed an oklob plant
  5562 | D:7      | Noticed Prince Ribbit
  5575 | D:7      | Reached skill level 1 in Invocations
  5575 | D:7      | Reached XP level 10. HP: 82/82 MP: 9/11
  5596 | D:7      | Killed Prince Ribbit
  5714 | D:7      | Noticed Naiya55's ghost (novice FoFi)
  5744 | D:7      | Found a runed translucent gate.
  5744 | D:7      | Found a runed translucent gate.
  5744 | D:7      | Found a runed translucent gate.
  5800 | D:7      | Reached skill level 5 in Invocations
  6422 | D:8      | Noticed a two-headed ogre
  6435 | D:8      | Slain by a two-headed ogre

Illustrated notes

Levels and vault maps discovered:
D:1:      dpeg_arrival_boxes_within_box, layout_basic, minmay_vboxes
D:2:      layout_rooms, basic_altar, nicolae_kite_square_tiling_tiny
D:3:      layout_basic, uniq_crazy_yiuf_cottage, uniq_ijyb
D:4:      layout_layer_cave, temple_green
D:5:      layout_loops_ring, trog_ov_bears_minmay, gammafunk_ghost_arena,
          item_on_display_a
D:6:      layout_cave_pools, tgw_fedhas, hangedman_feature_mirror,
          hangedman_decor_growths, uniq_duvessa
D:7:      layout_rooms, gammafunk_ghost_icy, uniq_prince_ribbit1
D:8:      layout_basic, grunt_lair_entry_orc_guard_hut, enter_bailey_2
Temple:   compressed_dpeg_triangle_lava_temple

Skill      XL: |  1  2  3  4  5  6  7  8  9 10 |
---------------+-------------------------------+-----
Axes           | 3 4 5 7 8 10 | 10.7
Fighting       | 4 5 6 7 8 |  8.9
Invocations    | 1 7 |  7.4
Armour         | |  3.2
Shields        | |  4.0

Action                     |  1- 3 |  4- 6 |  7- 9 | 10-12 || total
---------------------------+-------+-------+-------+-------++-------
  Melee: War axe           |   120 |   138 |   188 |    86 ||   532
 Invoke: Heroism           |       |       |       |     2 ||     2
Ability: Dig               |       |       |     2 |       ||     2
  Evoke: Wand              |       |       |       |     1 ||     1
    Use: Potion            |       |     1 |     4 |       ||     5
         Scroll            |       |       |     6 |     9 ||    15
   Stab: Sleeping          |       |     1 |       |       ||     1
 Armour: Scale mail        |    80 |       |       |       ||    80
         Leather armour    |    10 |    75 |       |       ||    85
         Chain mail        |       |     7 |    45 |       ||    52
         Plate armour      |       |       |   120 |    74 ||   194
         Skin              |       |       |    38 |       ||    38
  Dodge: Dodged            |    79 |    77 |    53 |    17 ||   226
  Block: Buckler           |    38 |     8 |       |       ||    46
         Kite shield       |       |    82 |   110 |    45 ||   237

Table legend: (Time is in decaauts)
 A = Elapsed time spent in this place.
 B = Non-inter-level travel time spent in this place.
 C = Inter-level travel time spent in this place.
 D = Time resting spent in this place.
 E = Time spent auto-exploring this place.
 F = Levels seen in this place.
 G = Mean time per level.
                   A        B        C        D        E       F      G
               +--------+--------+--------+--------+--------+-----+--------+
         Total |   6581 |   6458 |    123 |    623 |   3967 |   9 |  731.2 |
       Dungeon |   6549 |   6426 |    123 |    623 |   3967 |   8 |  818.6 |
        Temple |     32 |     32 |      0 |      0 |      0 |   1 |   32.0 |
               +--------+--------+--------+--------+--------+-----+--------+

Top non-repeatable levels by time:
     D:5: 1448 daAuts
     D:6: 937 daAuts
     D:2: 921 daAuts
     D:3: 855 daAuts
     D:4: 806 daAuts
     D:1: 752 daAuts
     D:7: 701 daAuts
     D:8: 126 daAuts
  Temple: 32 daAuts
